 Dungeon Crawl Stone Soup version 0.28-a0-863-g8cecda6153 (webtiles) character file.

Game seed: 10397925779026176153

73 gigimoi the Chiller (level 4, 0/30 HPs)
             Began as a Merfolk Ice Elementalist on Nov 17, 2021.
             Slain by Sigmund (13 damage)
             ... on level 2 of the Dungeon.
             The game lasted 00:09:25 (2289 turns).

gigimoi the Chiller (Merfolk Ice Elementalist)      Turns: 2289, Time: 00:09:25

Health: 0/30       AC:  2    Str:  8    XL:     4   Next: 27%
Magic:  4/7        EV: 13    Int: 15    God:
Gold:   75         SH:  0    Dex: 14    Spells: 3/7 levels left

rFire   . . .      SeeInvis .   b - +0 long sword
rCold   . . .      Faith    .   (no shield)
rNeg    . . .      Spirit   .   a - +0 robe
rPois   .          Reflect  .   (no helmet)
rElec   .          Harm     .   (no cloak)
rCorr   .          Rampage  .   (no gloves)
Will    .....                   (no boots)
Stlth   ++........              (no amulet)
HPRegen 0.10/turn               (no ring)
MPRegen 0.10/turn               (no ring)

@: no status effects
A: (nimble swimmer 2), mertail
a: no special abilities


You were on level 2 of the Dungeon.
You visited 1 branch of the dungeon, and saw 2 of its levels.

You collected 75 gold pieces.

Inventory:

Hand Weapons
 b - a +0 long sword (weapon)
Armour
 a - a +0 robe (worn)
Potions
 c - 2 potions of attraction {unknown}
 d - a potion of degeneration {unknown}


   Skills:
 * Level 3.8 Dodging
 * Level 3.2 Stealth
 + Level 2.3 Spellcasting
 * Level 5.0 Ice Magic


You had 3 spell levels left.
You knew the following spells:

 Your Spells              Type           Power      Damage    Failure   Level
a - Freeze                Ice            64%        1d8       2%          1
b - Frozen Ramparts       Ice            32%        1d5       9%          3

Your spell library contained the following spells:

 Spells                   Type           Power      Damage    Failure   Level
 Ozocubu's Armour         Ice            16%        N/A       9%          3
 Hailstorm                Conj/Ice       9%         3d4       58%         4


Dungeon Overview and Level Annotations

Branches:
Dungeon (2/15)

Altars:

Shops:
D:2 [

Annotations:
D:2 Sigmund


Innate Abilities, Weirdness & Mutations

((You are quick and stealthy near water. (Stealth+, EV+, Speed+++)))
Your lower body shifts to a powerful aquatic tail in water.


Message History

Sigmund is nearby!
Found a robe.
Casting: Freeze (safe; 2% risk of failure)
Confirm with . or Enter, or press ? or * to list all spells.
The spell is quite dangerous to cast (9% risk of failure)!
Continue anyway?
Casting: Frozen Ramparts (quite dangerous; 9% risk of failure)
Press: ? - help, Dir - look around, f - activate The walls around you are covered in ice.
Sigmund shouts!
The wall freezes Sigmund.
The wall freezes Sigmund.
Sigmund casts a spell at you. You resist with some effort.
Your frozen ramparts will break if you move.
Continue?
Okay, then.
You aren't carrying any scrolls.
Your frozen ramparts will break if you move.
Continue?
Okay, then.
Casting: Frozen Ramparts (quite dangerous; 9% risk of failure)
Confirm with . or Enter, or press ? or * to list all spells.
You can't see any susceptible monsters within range! (Use Z to cast anyway.) Unknown command.
The wall freezes Sigmund.
Sigmund closely misses you.
The wall freezes Sigmund.
Sigmund hits you from afar with a +0 scythe!
The wall freezes Sigmund.
Sigmund casts a spell at you. The puff of flame misses you.
The wall freezes Sigmund.
Sigmund closely misses you.
The frozen ramparts melt away.
Sigmund hits you with a +0 scythe.
Casting: Frozen Ramparts (quite dangerous; 9% risk of failure)
Confirm with . or Enter, or press ? or * to list all spells.
Aiming: Freeze (safe; 2% risk of failure)
Press: ? - help, Shift-Dir - straight line, f - Sigmund
Aim: Sigmund, wielding a +0 scythe and wearing a +0 robe of willpower (almost dead)
You freeze Sigmund.
Sigmund is almost dead.
Sigmund hits you with a +0 scythe!
You die...

# #.##..#
###########†##..###.
......†..##†##.....
#######.#.#........
# ##..##.#..## ###.#
#..## .#..# ...#
#.#..# #..# ###.#.
###.... #@.####.#
.....# ....#
#@...[.# ######
##..# #.#####.# #
#..# #.# ########.
#).###.#
.........##....#.#
#.##.## #.......$#
#8.8.8##.#.#.#.###
#.⌠.⌠...###..#.#
#8.∩.8.#.#.###.#


You could see Sigmund.

Vanquished Creatures
  Robin (D:1)
  2 adders (D:2)
  A dart slug (D:1)
  3 ball pythons
  2 bats (D:1)
  2 endoplasms (D:1)
  A giant cockroach (D:2)
  9 goblins
  5 hobgoblins
  5 kobolds
  A quokka (D:1)
  5 frilled lizards
  2 rats
39 creatures vanquished.

Notes
Turn   | Place    | Note
-------+----------+-------------------------------------------
     0 | D:1      | gigimoi the Merfolk Ice Elementalist began the quest for
                  | the Orb.
     0 | D:1      | Reached XP level 1. HP: 13/13 MP: 3/3
   247 | D:1      | Found a faded altar of an unknown god.
   253 | D:1      | Reached XP level 2. HP: 19/19 MP: 5/5
   934 | D:2      | Noticed Robin
   942 | D:1      | Killed Robin
   943 | D:1      | Reached XP level 3. HP: 8/24 MP: 0/6
  1435 | D:2      | Learned a level 3 spell: Frozen Ramparts
  1709 | D:2      | Noticed Sigmund
  1822 | D:2      | Reached skill level 5 in Ice Magic
  1822 | D:2      | Reached XP level 4. HP: 30/30 MP: 4/7
  2212 | D:2      | Found Nututal's Armour Shop.
  2289 | D:2      | Slain by Sigmund

Illustrated notes

Levels and vault maps discovered:
D:1:      dpeg_arrival_erosion, layout_basic, basic_ecumenical_altar
D:2:      layout_loops_ring, serial_shops,
          nicolae_shop_temple_entry_statues_fountains, uniq_robin, uniq_sigmund,
          uniq_natasha

Skill      XL: |  1  2  3 |
---------------+----------+-----
Dodging        | 3 |  3.8
Stealth        | 3 |  3.2
Ice Magic      | 5 |  5.0
Spellcasting   | |  2.3

Action                   |  1- 3 |  4- 6 || total
-------------------------+-------+-------++-------
Melee: Long sword        |    30 |       ||    30
 Cast: Freeze            |    34 |     4 ||    38
       Frozen Ramparts   |     1 |     3 ||     4
 Stab: Sleeping          |     2 |       ||     2
Armor: Robe              |    11 |       ||    11
Dodge: Dodged            |    39 |     4 ||    43

Table legend: (Time is in decaauts)
 A = Elapsed time spent in this place.
 B = Non-inter-level travel time spent in this place.
 C = Inter-level travel time spent in this place.
 D = Time resting spent in this place.
 E = Time spent auto-exploring this place.
 F = Levels seen in this place.
 G = Mean time per level.
                   A        B        C        D        E       F      G
               +--------+--------+--------+--------+--------+-----+--------+
         Total |   2304 |   2177 |    127 |   1208 |    631 |   2 | 1152.0 |
       Dungeon |   2304 |   2177 |    127 |   1208 |    631 |   2 | 1152.0 |
               +--------+--------+--------+--------+--------+-----+--------+

Top non-repeatable levels by time:
     D:1: 1494 daAuts
     D:2: 809 daAuts
